 Dungeon Crawl Stone Soup version 0.28.0-49-g6dfe1f597d (webtiles) character file.

Game seed: 2203835298598693668

81 bnorton916 the Stinger (level 4, -1/24 HPs)
             Began as a Deep Elf Venom Mage on May 11, 2022.
             Was an Initiate of Gozag.
             Slain by a gnoll
             ... wielding a +0 spear
              (9 damage)
             ... on level 4 of the Dungeon.
             The game lasted 00:06:23 (3676 turns).

bnorton916 the Stinger (Deep Elf Venom Mage)        Turns: 3676, Time: 00:06:23

Health: -1/24      AC:  2    Str:  5    XL:     4   Next: 19%
Magic:  1/11       EV: 12    Int: 22    God:    Gozag
Gold:   130        SH:  0    Dex: 15    Spells: 0/10 levels left

rFire   . . .      SeeInvis .   i - +2 hand axe (elec)
rCold   . . .      Faith    .   (no shield)
rNeg    . . .      Spirit   .   a - +0 robe
rPois   .          Reflect  .   (no helmet)
rElec   .          Harm     .   (no cloak)
rCorr   .          Rampage  .   (no gloves)
Will    .....                   (no boots)
Stlth   ++........              (no amulet)
HPRegen 0.08/turn               (no ring)
MPRegen 0.12/turn               (no ring)

@: no status effects
A: no striking features
a: Renounce Religion, Potion Petition, Call Merchant, Bribe Branch


You were on level 4 of the Dungeon.
You worshipped Gozag.
Gozag was aware of your devotion.
You visited 1 branch of the dungeon, and saw 4 of its levels.

You collected 148 gold pieces.
You paid 18 gold pieces to Gozag.

Inventory:

Hand Weapons
 b - a +0 short sword
 i - a +2 hand axe of electrocution (weapon)
Missiles
 k - 3 javelins
Armour
 a - a +0 robe (worn)
 f - a +0 buckler
Scrolls
 c - a scroll of silence {unknown}
 e - a scroll of blinking {unknown}
 g - 2 scrolls of identify {unknown}
 j - a scroll of amnesia {unknown}
Potions
 d - 3 potions of curing {unknown}
 h - a potion of might {unknown}


   Skills:
 - Level 2.4 Dodging
 - Level 2.4 Stealth
 - Level 3.7 Spellcasting
 + Level 1.4 Conjurations
 - Level 2.1 Transmutations
 + Level 1.2 Air Magic
 + Level 4.1 Poison Magic


You couldn't memorise any spells.
You knew the following spells:

 Your Spells              Type           Power      Damage    Failure   Level
a - Sting                 Tmut/Pois      68%        1d6       3%          1
b - Poisonous Vapours     Pois/Air       30%        N/A       6%          2
c - Mephitic Cloud        Conj/Pois/Air  14%        N/A       14%         3
d - Olgreb's Toxic Radia  Pois           22%        N/A       21%         4

Your spell library contained the following spells:

 Spells                   Type           Power      Damage    Failure   Level
 Freeze                   Ice            16%        1d4       12%         1
 Frozen Ramparts          Ice            8%         1d2       34%         3
 Hailstorm                Conj/Ice       7%         3d4       65%         4
 Animate Dead             Necr           2%         N/A       75%         4
 Borgnjor's Vile Clutch   Necr/Erth      2%         N/A       97%         5
 Death Channel            Necr           2%         N/A       100%        6


Dungeon Overview and Level Annotations

Branches:
Dungeon (4/15)
 Temple: D:4-7

Altars:
Elyvilon
Gozag

Annotations:
D:3 2 transporters, Xolotl's ghost, amateur HOGl


Message History

Unknown command.
Casting: Poisonous Vapours (safe; 6% risk of failure)
Confirm with . or Enter, or press ? or * to list all spells.
Aiming: Poisonous Vapours (safe; 6% risk of failure)
Press: ? - help, Dir - move target, f/p - gnoll
Aim: a gnoll, wielding a +0 spear (poisoned) Poisonous vapours surround the gnoll!
The gnoll looks even sicker.
Unknown command.
Casting: Poisonous Vapours (safe; 6% risk of failure)
Confirm with . or Enter, or press ? or * to list all spells.
Aiming: Poisonous Vapours (safe; 6% risk of failure)
Press: ? - help, Dir - move target, f/p - gnoll
Aim: a gnoll, wielding a +0 spear (very poisoned) Poisonous vapours surround the gnoll!
The gnoll looks even sicker.
A gnoll comes into view. It is wielding a +0 halberd.
The gnoll hits you from afar with a +0 spear.
Unknown command.
Casting: Poisonous Vapours (safe; 6% risk of failure)
Confirm with . or Enter, or press ? or * to list all spells.
Aiming: Poisonous Vapours (safe; 6% risk of failure)
Press: ? - help, Dir - move target, f - gnoll, p - gnoll
Aim: a gnoll, wielding a +0 club Poisonous vapours surround the gnoll!
The gnoll is poisoned.
The gnoll hits you from afar with a +0 spear.
Unknown command.
Casting: Poisonous Vapours (safe; 6% risk of failure)
Confirm with . or Enter, or press ? or * to list all spells.
Aiming: Poisonous Vapours (safe; 6% risk of failure)
Press: ? - help, Dir - move target, f - gnoll, p - gnoll
Aim: a gnoll, wielding a +0 spear Poisonous vapours surround the gnoll!
The gnoll is poisoned.
A gnoll comes into view. It is wielding a +0 club.
The gnoll hits you from afar with a +0 spear!
Unknown command.
Casting: Poisonous Vapours (safe; 6% risk of failure)
Confirm with . or Enter, or press ? or * to list all spells.
You don't have enough magic to cast this spell.
The gnoll hits you from afar with a +0 spear!
You die...
Your body crumbles into a pile of gold.

#. ..# .... $
. ...#
#.gg#####...#
..gggg.@...#
...#######.#


You could see a gnoll shaman and 5 gnolls.

Vanquished Creatures
  2 adders
  A dart slug (D:1)
  2 orcs
  6 endoplasms
  3 giant cockroaches
  5 goblins
  6 hobgoblins
  3 jackals (D:1)
  2 quokkas (D:1)
  6 ball pythons
  6 bats
  4 frilled lizards
  4 kobolds (D:1)
  7 rats
57 creatures vanquished.

Notes
Turn   | Place    | Note
-------+----------+-------------------------------------------
     0 | D:1      | bnorton916 the Deep Elf Venom Mage began the quest for the
                  | Orb.
     0 | D:1      | Reached XP level 1. HP: 10/10 MP: 6/6
    48 | D:1      | Found a faded altar of an unknown god.
   299 | D:1      | Reached XP level 2. HP: 15/15 MP: 5/8
   491 | D:1      | Learned a level 2 spell: Poisonous Vapours
  1151 | D:1      | Reached XP level 3. HP: 13/19 MP: 6/10
  1319 | D:1      | Learned a level 3 spell: Mephitic Cloud
  1924 | D:2      | Reached skill level 4 in Poison Magic
  2080 | D:2      | Found a white marble altar of Elyvilon.
  2368 | D:3      | Reached skill level 1 in Conjurations
  2368 | D:3      | Reached skill level 1 in Air Magic
  2448 | D:3      | Reached XP level 4. HP: 24/24 MP: 4/11
  2705 | D:3      | Learned a level 4 spell: Olgreb's Toxic Radiance
  2749 | D:3      | Found an opulent altar of Gozag.
  2770 | D:3      | Became a worshipper of Gozag Ym Sagoz the Greedy
  2985 | D:3      | Noticed Xolotl's ghost (amateur HOGl)
  2986 | D:3      | Found a transporter.
  2986 | D:3      | Found a transporter.
  2988 | D:3      | Noticed an ogre
  2992 | D:3      | Noticed an ogre
  2992 | D:3      | Identified the +6 dire flail of Classification {drain, Fly}
  2992 | D:3      | Noticed an ogre
  3676 | D:4      | Slain by a gnoll

Illustrated notes

Levels and vault maps discovered:
D:1:      lightli_arrival_noodles, layout_basic,
          shapermc_ecumenical_altar_totnotflames
D:2:      layout_rooms, basic_altar, corexii_hall_statues_l,
          minmay_misc_feat_columns
D:3:      layout_loops_ring, old_standard_altar, gammafunk_ghost_smash
D:4:      kennysheep_spiral_hall, layout_loops_ring, hangedman_minor_gate_pass

Skill      XL: |  1  2  3 |
---------------+----------+-----
Transmutations | 2 |  2.1
Poison Magic   | 4 |  4.1
Conjurations   | 1 |  1.4
Air Magic      | 1 |  1.2
Dodging        | |  2.4
Stealth        | |  2.4
Spellcasting   | |  3.7

Action                   |  1- 3 |  4- 6 || total
-------------------------+-------+-------++-------
Melee: Hand axe          |     1 |     2 ||     3
 Cast: Sting             |    66 |     5 ||    71
       Poisonous Vapours |    29 |    17 ||    46
 Stab: Sleeping          |       |     1 ||     1
Armor: Robe              |     5 |       ||     5
Dodge: Dodged            |    26 |       ||    26
